 Dungeon Crawl Stone Soup version 0.25.1-2-g60ff931df9 (webtiles) character file.

Game seed: 10698347099793479755

38027 ubername the Cruncher (level 13, -2/119 HPs)
             Began as a Minotaur Berserker on Nov 12, 2020.
             Was a High Priest of Trog.
             Slain by a snapping turtle (18 damage)
             ... on level 1 of the Shoals.
             The game lasted 00:39:08 (18547 turns).

ubername the Cruncher (Minotaur Berserker)         Turns: 18547, Time: 00:39:08

Health: -2/119     AC: 14    Str: 25    XL:     13   Next: 61%
Magic:  12/12      EV: 17    Int:  0    God:    Trog [*****.]
Gold:   844        SH:  5    Dex: 15    Spells: 12/12 levels left

rFire    . . .     SeeInvis +   l - +7 lajatang of the Eight Ears {vorpal, Int-5 Dex+4}
rCold    . . .     Gourm    .   (shield currently unavailable)
rNeg     . . .     Faith    .   z - +1 ring mail {MR+}
rPois    .         Spirit   .   (helmet restricted)
rElec    .         Reflect  +   v - +1 cloak
rCorr    .         Harm     .   B - +0 pair of gloves
MR       +....     Rnd*Rage +   t - +0 pair of boots
Stlth    ++........             n - amulet of reflection
HPRegen  0.29/turn              i - ring of see invisible
MPRegen  0.13/turn              b - +4 ring of slaying

@: berserk cooldown, mesmerised, slowed, lost intelligence, very slow
A: retaliatory headbutt, horns 2, berserk 1, mutation resistance 1, wild magic 1
a: Berserk, Trog's Hand, Brothers in Arms, Renounce Religion


You were on level 1 of the Shoals.
You worshipped Trog.
Trog was extremely pleased with you.
You were not hungry.

You visited 3 branches of the dungeon, and saw 16 of its levels.

You collected 844 gold pieces.

Inventory:

Hand Weapons
 j - a +3 war axe of flaming
 l - the +7 lajatang of the Eight Ears (weapon) {vorpal, Int-5 Dex+4}
   (Trog gifted it to you on level 6 of the Lair of Beasts)

   It inflicts extra damage upon your enemies.
   It affects your intelligence (-5).
   It affects your dexterity (+4).
 q - the +3 spear "Caym" {drain, rC++ Dex+7}
   (You found it on level 4 of the Dungeon)

   A truly terrible weapon, it drains the life of those it strikes.
   It affects your dexterity (+7).
   It greatly protects you from cold.
 u - a +3 quarterstaff of chaos
 w - a +5 dire flail of protection
 K - a +4 quarterstaff
 M - a +0 double sword
 U - a +2 quarterstaff of protection
Missiles
 y - 4 curare-tipped darts (quivered)
 N - 5 atropa-tipped darts
 R - 24 poisoned darts
Armour
 t - a +0 pair of boots (worn)
 v - a +1 cloak (worn)
 z - a +1 ring mail of magic resistance (worn)
 B - a +0 pair of gloves (worn)
 C - a +0 leather armour
 G - a +0 kite shield
Jewellery
 b - a +4 ring of slaying (right hand)
 g - an uncursed amulet of guardian spirit
 i - a ring of see invisible (left hand)
 n - an amulet of reflection (around neck)
 r - an uncursed ring of flight
 s - a cursed -4 ring of intelligence {unknown}
 A - an uncursed ring of positive energy
 L - an uncursed ring of protection from magic {unknown}
 O - an uncursed amulet of faith {unknown}
 T - a +4 ring of evasion {unknown}
 W - an uncursed ring of positive energy
Wands
 h - a wand of iceblast (11)
 k - a wand of clouds (13)
 m - a wand of enslavement (13)
 p - a wand of acid (8)
 E - a wand of paralysis (7)
 J - a wand of polymorph (15)
 Q - a wand of flame (14)
Scrolls
 a - 13 scrolls of identify
 d - 6 scrolls of magic mapping
 o - 6 scrolls of teleportation
 x - 5 scrolls of remove curse
 F - 3 scrolls of enchant weapon
 S - a scroll of holy word {unknown}
Potions
 e - 5 potions of curing
 f - a potion of magic
 H - 3 potions of might
Miscellaneous
 I - a lightning rod (4/4)
 P - a tin of tremorstones (3/3)
Comestibles
 c - 18 rations


   Skills:
 + Level 12.7 Fighting
 + Level 5.5(8.7) Axes
 + Level 10.3(13.9) Polearms
 + Level 14.3(15.4) Staves
 + Level 11.0 Armour
 + Level 9.5 Dodging
 + Level 5.5 Stealth
 + Level 6.0 Shields
 + Level 0.3 Evocations


You had 12 spell levels left.
You didn't know any spells.
Your spell library was empty.

Dungeon Overview and Level Annotations

Branches:
Dungeon (9/15)             Temple (0/1) D:6            Lair (6/6) D:8
 Shoals (1/4) Lair:4        Snake (0/4) Lair:4        Slime (0/5) Lair:5
    Orc: D:9-12

Altars:
Qazlal
Ru

Annotations:
Lair:1 exclusion: oklob plant
Lair:2 exclusion: oklob plant


Innate Abilities, Weirdness & Mutations

You reflexively headbutt those who attack you in melee.
You have a pair of horns on your head.
You tend to lose your temper in combat.
You are somewhat resistant to further mutation.
Your spells are a little harder to cast, but a little more powerful.


Message History

The merfolk is severely wounded.
The pull of its song draws you forwards.
The merfolk hits you but does no damage.
The merfolk avatar chants its luring song.
The snapping turtle bites you from afar!
* * * LOW HITPOINT WARNING * * *
You cannot move away from the merfolk avatar!
Okay, then.
You feel much better.
The pull of its song draws you forwards.
The merfolk avatar chants its luring song.
The snapping turtle bites you from afar!!
* * * LOW HITPOINT WARNING * * *
The merfolk hits you from afar with a +0 trident!
* * * LOW HITPOINT WARNING * * *
You slice the merfolk avatar!! You headbutt the merfolk avatar!
The merfolk avatar is heavily wounded.
The merfolk avatar chants its luring song.
The snapping turtle bites you from afar!!
You die...

≈.##....PP##.P.≈≈..P
≈.....P.)......≈≈..≈
≈.P.PP........≈≈≈≈≈≈
..PPPP.......P≈...≈≈
≈...≈...####....#.≈≈
≈≈≈P≈P..###..P....≈≈
≈≈≈≈≈...##....≈≈P≈≈≈
≈≈≈≈.......m.≈≈≈≈≈≈
≈≈≈≈...###.@.≈$..≈≈
≈≈≈≈≈.###t..≈?...≈≈
≈≈≈≈≈......m≈..#..≈
≈≈≈≈≈≈...≈≈≈≈.##..≈
≈≈≈≈≈≈≈≈≈)≈≈≈.....≈
≈≈≈≈≈≈≈≈≈≈≈≈≈≈≈.≈≈≈
≈≈≈≈≈≈≈≈≈≈≈≈≈≈≈≈≈
≈≈≈≈≈≈≈≈≈≈≈≈≈≈≈≈≈
≈≈≈≈≈≈≈≈≈≈≈≈≈≈≈≈≈


You could see a merfolk avatar (mesmerising), a snapping turtle and a merfolk.

Vanquished Creatures
  4 dire elephants (Lair:6)
  3 hydras
  An anaconda (Lair:6)
  A sea snake (Shoals:1)
  A mana viper (Lair:6)
  14 elephants
  5 black mambas
  6 rime drakes
  7 spiny frogs
  7 komodo dragons
  2 merfolk (Shoals:1)
  2 polar bears
  A wind drake (Shoals:1)
  2 slime creatures (Lair:5)
  A dream sheep (shapeshifter) (Lair:5)
  2 hippogriffs
  26 blink frogs
  A spriggan (D:7)
  3 wyverns
  A human (Lair:6)
  31 yaks
  Eustachio (D:4)
  A hungry ghost (D:8)
  Menkaure (D:5)
  4 basilisks
  A naga (Lair:4)
  Edmund (D:5)
  10 porcupines
  10 water moccasins
  A sky beast (D:7)
  An ice beast (D:5)
  An orc warrior (D:8)
  A phantom (D:8)
  An ogre (D:4)
  4 wolves (Lair:3)
  A centaur (D:8)
  7 crocodiles
  Blork the orc (D:5)
  11 bullfrogs
  2 scorpions
  8 killer bees
  5 wights (D:7)
  3 vampire bats (Lair:2)
  4 crimson imps
  4 jellies
  4 orc priests
  Crazy Yiuf (D:3)
  12 orc wizards
  3 bullfrog skeletons
  3 iguanas
  4 worker ants
  2 hound skeletons
  11 adders
  2 oozes (D:2)
  3 adder skeletons
  3 worms
  2 dart slugs
  5 leopard geckos
  48 orcs
  10 giant cockroaches
  10 goblins
  10 hobgoblins
  12 jackals
  A quokka (D:6)
  2 ball pythons
  16 bats
  6 frilled lizards
  A giant cockroach zombie (D:5)
  7 kobolds
  8 rats
  4 plants
395 creatures vanquished.

Vanquished Creatures (others)
  A crocodile (Lair:1)
  9 fungi
  12 plants
22 creatures vanquished.

Grand Total: 417 creatures vanquished

Notes
Turn   | Place    | Note
-------+----------+-------------------------------------------
     0 | D:1      | ubername the Minotaur Berserker began the quest for the
                  | Orb.
     0 | D:1      | Reached XP level 1. HP: 19/19 MP: 0/0
   194 | D:1      | Reached XP level 2. HP: 27/27 MP: 1/1
   993 | D:2      | Reached XP level 3. HP: 31/33 MP: 2/2
  1025 | D:2      | Reached ** piety under Trog
  1741 | D:2      | Reached XP level 4. HP: 41/41 MP: 3/3
  2016 | D:3      | Reached skill level 5 in Axes
  2054 | D:3      | Found a runed translucent door.
  2055 | D:3      | Noticed Crazy Yiuf
  2064 | D:3      | Killed Crazy Yiuf
  2064 | D:3      | Reached skill level 1 in Stealth
  2064 | D:3      | Reached XP level 5. HP: 47/47 MP: 4/4
  2407 | D:3      | Reached *** piety under Trog
  2834 | D:3      | Reached skill level 1 in Staves
  2886 | D:3      | Found a sacrificial altar of Ru.
  3098 | D:4      | Reached XP level 6. HP: 52/55 MP: 5/5
  3173 | D:4      | Reached skill level 2 in Staves
  3196 | D:4      | Reached skill level 5 in Fighting
  3288 | D:4      | Noticed Eustachio
  3311 | D:4      | Killed Eustachio
  3311 | D:4      | Reached skill level 3 in Staves
  3548 | D:4      | Reached skill level 4 in Staves
  3557 | D:4      | Got a translucent spear
  3560 | D:4      | Identified the +3 spear "Caym" {drain, rC++ Dex+7} (You
                  | found it on level 4 of the Dungeon)
  3602 | D:4      | Reached XP level 7. HP: 61/61 MP: 6/6
  3968 | D:4      | Reached **** piety under Trog
  4048 | D:5      | Entered Level 5 of the Dungeon
  4055 | D:5      | Noticed Menkaure
  4241 | D:4      | Reached skill level 5 in Staves
  4259 | D:5      | Killed Menkaure
  4259 | D:5      | Reached skill level 5 in Armour
  4443 | D:5      | Reached skill level 6 in Staves
  4532 | D:5      | Reached skill level 1 in Polearms
  4532 | D:5      | Reached XP level 8. HP: 68/71 MP: 7/7
  4588 | D:5      | Noticed Blork the orc
  4594 | D:5      | Killed Blork the orc
  4807 | D:5      | Noticed Edmund
  4818 | D:5      | Killed Edmund
  5732 | D:6      | Found a staircase to the Ecumenical Temple.
  5886 | D:6      | Reached skill level 5 in Polearms
  5994 | D:6      | Found a stormy altar of Qazlal.
  6266 | D:7      | Reached ***** piety under Trog
  6378 | D:7      | Reached XP level 9. HP: 79/79 MP: 8/8
  7215 | D:9      | Reached skill level 5 in Dodging
  7432 | D:8      | Received a gift from Trog
  7686 | D:8      | Found a staircase to the Lair.
  7687 | D:8      | Noticed a komodo dragon
  7696 | D:8      | Killed a komodo dragon
  7931 | Lair:1   | Entered Level 1 of the Lair of Beasts
  7946 | D:8      | Reached XP level 10. HP: 81/88 MP: 9/9
  8322 | Lair:1   | Noticed a black mamba
  8332 | Lair:1   | Killed a black mamba
  8332 | Lair:1   | Noticed a spiny frog
  8339 | Lair:1   | Killed a spiny frog
  8339 | Lair:1   | Reached skill level 10 in Polearms
  8339 | Lair:1   | Reached skill level 1 in Shields
  8574 | Lair:1   | Noticed a spiny frog
  8579 | Lair:1   | Killed a spiny frog
  8579 | Lair:1   | Reached skill level 7 in Staves
  9404 | Lair:1   | Reached skill level 8 in Staves
  9766 | Lair:1   | Noticed an oklob plant
  9888 | Lair:2   | Reached XP level 11. HP: 97/97 MP: 10/10
 10116 | Lair:2   | Noticed a six-headed hydra
 10126 | Lair:2   | Killed a six-headed hydra
 10318 | Lair:2   | Reached skill level 9 in Staves
 10743 | Lair:2   | Noticed an oklob plant
 10911 | Lair:2   | Reached skill level 10 in Fighting
 10913 | Lair:2   | Received a gift from Trog
 10919 | Lair:2   | Reached skill level 10 in Staves
 11822 | Lair:3   | Gained mutation: You tend to lose your temper in combat.
                  | [potion of mutation]
 11822 | Lair:3   | Gained mutation: Your spells are a little harder to cast,
                  | but a little more powerful. [potion of mutation]
 11822 | Lair:3   | Gained mutation: You are somewhat resistant to further
                  | mutation. [potion of mutation]
 12057 | Lair:3   | Reached skill level 11 in Staves
 12189 | Lair:3   | Noticed a catoblepas
 12512 | Lair:4   | Reached XP level 12. HP: 51/107 MP: 11/11
 12832 | Lair:4   | Reached skill level 12 in Staves
 12866 | Lair:4   | Found a staircase to the Snake Pit.
 13384 | Lair:4   | Found a staircase to the Shoals.
 13514 | Lair:5   | Noticed a four-headed hydra
 13529 | Lair:4   | Killed a four-headed hydra
 13730 | Lair:5   | Noticed a two-headed ogre
 13730 | Lair:5   | a glowing shapeshifter changed into a two-headed ogre
 13733 | Lair:5   | a two-headed ogre changed into a dream sheep
 14053 | Lair:5   | Found a staircase to the Slime Pits.
 14215 | Lair:5   | Reached skill level 13 in Staves
 14215 | Lair:5   | Reached skill level 10 in Armour
 15271 | Lair:6   | Entered Level 6 of the Lair of Beasts
 15700 | Lair:6   | Reached skill level 5 in Shields
 15705 | Lair:6   | Reached XP level 13. HP: 72/117 MP: 12/12
 16817 | Lair:6   | Reached skill level 14 in Staves
 17310 | Lair:6   | Noticed a dire elephant
 17421 | Lair:6   | Killed a dire elephant
 17432 | Lair:6   | Noticed a dire elephant
 17432 | Lair:6   | Noticed a dire elephant
 17440 | Lair:6   | HP: 4/118 [dire elephant (38)]
 17848 | Lair:6   | Killed a dire elephant
 17848 | Lair:6   | Reached skill level 5 in Stealth
 17857 | Lair:6   | Killed a dire elephant
 17857 | Lair:6   | Received a gift from Trog
 17860 | Lair:6   | Got a transparent lajatang {god gift}
 17861 | Lair:6   | Lost intelligence.
 17861 | Lair:6   | Identified the +7 lajatang of the Eight Ears {vorpal, Int-5
                  | Dex+4} (Trog gifted it to you on level 6 of the Lair of
                  | Beasts)
 17935 | Lair:6   | Noticed a dire elephant
 17945 | Lair:6   | Killed a dire elephant
 17979 | Lair:6   | Noticed a dire elephant
 18353 | Shoals:1 | Entered Level 1 of the Shoals
 18547 | Shoals:1 | Slain by a snapping turtle

Illustrated notes

Levels and vault maps discovered:
D:1:      psy_arrival_basics, layout_loops_ring
D:2:      layout_basic
D:3:      corexii_shack_village, layout_loops_ring, first_ration,
          nicolae_ru_path_of_blood, uniq_crazy_yiuf_cottage
D:4:      layout_loops_corners, st_stairs_8, uniq_eustachio
D:5:      layout_basic, uniq_edmund, uniq_menkaure, uniq_blork_the_orc
D:6:      layout_basic, grunt_qazlal_clouds, minmay_temple_entry_proselytizer
D:7:      layout_rooms, the_bakery
D:8:      layout_basic, david_lair_shrubbed
D:9:      layout_roguey, ashenzari_altar_1, uniq_erolcha
Lair:1:   layout_cave_pods, guppyfry_lair_drakes, infiniplex_staircase_pool_2,
          minmay_lair_oklob_chamber
Lair:2:   layout_cave_shapes, roderic_batcave, serial_bayou_shore_b,
          lemuel_fruit_tree
Lair:3:   layout_chaotic_city, nzn_random_ring
Lair:4:   layout_regular_city, shoals_dummy_entry,
          minmay_snake_entry_guardpost_small, kennysheep_catoblepas_arena
Lair:5:   layout_roguey, minmay_slime_entry_pillars, grunt_megastairs_4
Lair:6:   due_jungle_book, layout_regular_city, serial_bayou_pond_e,
          minmay_lair_drake_nest
Shoals:1: layout_shoals, uniq_frances

Skill      XL: |  1  2  3  4  5  6  7  8  9 10 11 12 13 |
---------------+----------------------------------------+-----
Axes           | 4 5 |  5.5
Fighting       | 4 5 6 7 8 9 10 11 12 | 12.7
Armour         | 3 4 5 6 7 8 9 10 11 | 11.0
Stealth        | 1 2 3 4 5 |  5.5
Dodging        | 3 5 6 7 8 9 |  9.5
Staves         | 1 4 6 8 11 13 14 | 14.3
Polearms       | 1 6 9 10 | 10.3
Shields        | 2 3 5 6 |  6.0
Evocations     | |  0.3

Action                   |  1- 3 |  4- 6 |  7- 9 | 10-12 | 13-15 || total
-------------------------+-------+-------+-------+-------+-------++-------
Melee: Hand axe          |    87 |    25 |       |       |       ||   112
       Headbutt          |    14 |    14 |    66 |   103 |    46 ||   243
       Quarterstaff      |       |    89 |       |   446 |   136 ||   671
       Spear             |       |     2 |   280 |     7 |       ||   289
       Lajatang          |       |       |       |       |    37 ||    37
Invok: Berserk           |       |     4 |     4 |     6 |     5 ||    19
Evoke: Wand              |       |       |       |     1 |     1 ||     2
       Lightning rod     |       |       |       |     1 |       ||     1
  Use: Scroll            |       |     9 |     5 |     1 |     1 ||    16
       Potion            |       |       |     6 |     4 |     1 ||    11
 Stab: Sleeping          |     2 |       |     1 |     2 |     1 ||     6
       Distracted        |       |       |       |     1 |       ||     1
       Paralysed         |       |       |       |     2 |     2 ||     4
       Confused          |       |       |       |     1 |     4 ||     5
  Eat: Chunk             |     3 |    10 |    15 |    25 |     1 ||    54
       Ration            |       |       |     1 |     1 |     4 ||     6
Armor: Animal skin       |    12 |       |       |       |       ||    12
       Ring mail         |    21 |    11 |    86 |   120 |    38 ||   276
       Scale mail        |       |    30 |    21 |       |       ||    51
Dodge: Dodged            |    58 |    72 |   168 |   239 |    83 ||   620
Block: Other             |       |       |    11 |    80 |    35 ||   126
       Reflection        |       |       |     1 |     1 |       ||     2
